 Dungeon Crawl Stone Soup version 0.31-a0-1-g4198be8af4 (webtiles) character file.

Game seed: 17167947212694075491

1157 BubbleThief the Trooper (level 8, 0/80 HPs)
             Began as a Naga Cinder Acolyte on May 1, 2023.
             Was a High Priest of Ignis.
             Slain by an orc
             ... wielding a +0 flail
              (6 damage)
             ... on level 5 of the Dungeon.
             The game lasted 00:07:27 (5181 turns).

BubbleThief the Trooper (Naga Cinder Acolyte)       Turns: 5181, Time: 00:07:27

Health: 0/80       AC:  4    Str: 18    XL:     8   Next: 39%
Magic:  0/13       EV:  9    Int: 16    God:    Ignis [*****.]
Gold:   124        SH:  0    Dex:  6    Spells: 12/14 levels left

rFire   + . .        a - -1 mace (flame)
rCold   . . .        (no shield)
rNeg    . . .        b - +0 robe
rPois   +            (no helmet)
rElec   .            (no cloak)
rCorr   .            q - +0 pair of gloves
SInv    +            (no barding)
Will    +....        (no amulet)
Stlth   +            (no ring)
HPRegen 0.33/turn    (no ring)
MPRegen 0.13/turn

%: no passive effects
@: short of breath, very slow
A: AC +2, large, see invisible, deformed body, poison resistance, slowness 2,
spit poison 1, naga tail 1
a: Spit Poison, Renounce Religion, Fiery Armour, Foxfire Swarm, Rising Flame


You were on level 5 of the Dungeon.
You worshipped Ignis.
Ignis was extremely pleased with you.
You visited 1 branch of the dungeon, and saw 5 of its levels.

You collected 200 gold pieces.
You spent 76 gold pieces at shops.

Inventory:

Hand Weapons
 a - a -1 mace of flaming (weapon)
 s - a +1 mace of holy wrath
Armour
 b - a +0 robe (worn)
 q - a +0 pair of gloves (worn)
Scrolls
 f - 2 scrolls of enchant armour {unknown}
 g - 2 scrolls of poison
 i - 3 scrolls of teleportation
 k - 6 scrolls of identify {unknown}
 l - 2 scrolls of enchant weapon {unknown}
 n - a scroll of silence {unknown}
 p - a scroll of brand weapon {unknown}
 r - a scroll of blinking {unknown}
Potions
 c - 3 potions of heal wounds {unknown}
 d - a potion of degeneration {unknown}
 e - a potion of magic {unknown}
 h - 3 potions of curing
 j - 3 potions of flight {unknown}
 m - 2 potions of haste
 o - a potion of cancellation {unknown}
 t - 2 potions of mutation {unknown}


   Skills:
 + Level 7.0 Fighting
 + Level 7.0 Maces & Flails
 - Level 3.5 Spellcasting
 - Level 3.0 Fire Magic


You had 12 spell levels left.
You knew the following spells:

 Your Spells              Type           Power      Damage    Failure   Level
a - Scorch                Fire           24%        2d6       8%          2

Your spell library contained the following spells:

 Spells                   Type           Power      Damage    Failure   Level
 Apportation              Tloc           4%         N/A       19%         1
 Shock                    Conj/Air       8%         1d3       19%         1
 Blink                    Tloc           4%         N/A       26%         2
 Dazzling Flash           Conj/Hex       4%         N/A       47%         3
 Swiftness                Air            2%         N/A       47%         3
 Airstrike                Air            1%         2d(1-17)  87%         4
 Anguish                  Hex/Necr       1%         N/A       87%         4
 Manifold Assault         Tloc           2%         N/A       87%         4
 Alistair's Intoxication  Tmut/Pois      1%         N/A       99%         5
 Yara's Violent Unravell  Hex/Tmut       1%         3d3       99%         5
 Storm Form               Tmut/Air       1%         N/A       100%        7


Dungeon Overview and Level Annotations

Branches:
Dungeon (5/15)
 Temple: D:4-7

Altars:
Nemelex Xobeh

Shops:
D:1 ?   D:2 ?   D:4 (

Annotations:
D:4 1 runed translucent door, superbruh's ghost, amateur DsMo


Innate Abilities, Weirdness & Mutations

Your serpentine skin is tough. (AC +2)
You have supernaturally acute eyesight. (SInv)
Armour fits poorly on your strangely shaped body.
Your system is resistant to poisons. (rPois)
You cover ground very slowly.
You can spit poison.
You have a snake-like lower body.


Message History

Flames lash the iguana but do no damage.
The iguana barely misses you.
Unknown command.
The iguana is no longer more vulnerable to fire.
The iguana closely misses you. The iguana bites you!
* * * LOW HITPOINT WARNING * * *
The orc misses you.
There is a stone staircase leading up here.
Aiming: Spit Poison (1% risk of failure)
Press: ? - help, Shift-Dir - straight line, f - iguana
Aim: an iguana (severely wounded, 69% to hit)
The splash of poison hits the iguana!
You kill the iguana!
The orc barely misses you.
Your Fighting skill increases to level 7!
Your Maces & Flails skill increases to level 7!
You closely miss the orc. The orc hits you with a +0 flail.
* * * LOW HITPOINT WARNING * * *
You hit the orc but do no damage. The orc hits you but does no damage.
You barely miss the orc.
You have got your breath back.
The orc hits you but does no damage.
Aiming: Spit Poison (1% risk of failure)
Press: ? - help, Shift-Dir - straight line, f - orc
Aim: an orc, wielding a +0 flail and wearing a +0 leather armour (64% to hit)
The splash of poison misses the orc.
The orc hits you with a +0 flail.
* * * LOW HITPOINT WARNING * * *
Unknown command.
Casting: Scorch (safe; 8% risk of failure)
Confirm with . or Enter, or press ? or * to list all spells.
Flames lash the orc.
The orc is severely wounded.
The orc's fire resistance burns away.
The orc hits you with a +0 flail.
* * * LOW HITPOINT WARNING * * *
A wight comes into view. It is wielding a +3 morningstar.
You hit the orc but do no damage.
The orc is severely wounded.
The orc hits you with a +0 flail.
You die...

...................(.
...........z............
......[.................
..##...........>........
..####..................
.## #..................
.######.................
....###.........o.......
................@.......
###.....................
###...................
#...#...............
##..##...............
#..###...............
##..# #...............
##..## ##..............
##...# #........


You could see a wight and an orc (combustible).

Vanquished Creatures
  Grinder (D:3)
  Sigmund (D:3)
  An acid dragon (D:5)
  A black bear (D:5)
  An ogre (D:5)
  A gnoll bouda (D:4)
  A hound (D:4)
  2 orc wizards (D:3)
  2 sleepcaps (D:4)
  An iguana (D:5)
  Natasha (thrice) (D:3)
  9 gnolls
  5 adders
  An ufetubus (D:4)
  A worm (D:2)
  3 dart slugs
  10 orcs
  9 bats
  5 endoplasms
  4 giant cockroaches
  10 goblins
  9 hobgoblins
  7 jackals
  2 quokkas
  12 ball pythons
  4 frilled lizards (D:2)
  8 kobolds
  6 rats
120 creatures vanquished.

Vanquished Creatures (others)
  17 plants (D:2)
17 creatures vanquished.

Grand Total: 137 creatures vanquished

Notes
Turn   | Place    | Note
-------+----------+-------------------------------------------
     0 | D:1      | BubbleThief the Naga Cinder Acolyte began the quest for the
                  | Orb.
     0 | D:1      | Reached XP level 1. HP: 21/21 MP: 2/2
    59 | D:1      | Reached XP level 2. HP: 28/28 MP: 3/3
    62 | D:1      | Learned a level 2 spell: Scorch
   512 | D:1      | Reached XP level 3. HP: 34/34 MP: 0/5
   833 | D:1      | Found Ciasm's Magic Scroll Shop.
   836 | D:1      | Bought a scroll of poison for 40 gold pieces
  1128 | D:2      | Got the Almanac of Interference
  1138 | D:2      | You fall into a shaft and drop 1 floor!
  1155 | D:3      | Noticed Natasha
  1162 | D:3      | Killed Natasha
  1165 | D:3      | Reached XP level 4. HP: 25/43 MP: 1/7
  1209 | D:3      | Noticed Natasha
  1212 | D:3      | Killed Natasha
  1273 | D:3      | Found a sparkling altar of Nemelex Xobeh.
  1375 | D:3      | Reached XP level 5. HP: 44/50 MP: 3/8
  1435 | D:3      | Noticed Sigmund
  1454 | D:3      | Killed Sigmund
  1455 | D:3      | Reached XP level 6. HP: 7/58 MP: 0/10
  2200 | D:2      | Found Couruvau's Magic Scroll Shoppe.
  2203 | D:2      | Bought a scroll of teleportation for 36 gold pieces
  2628 | D:3      | Noticed Natasha
  2634 | D:3      | Killed Natasha
  2907 | D:3      | Reached skill level 5 in Fighting
  2907 | D:3      | Reached skill level 5 in Maces & Flails
  3019 | D:3      | Noticed Grinder
  3026 | D:3      | Killed Grinder
  3027 | D:3      | Reached XP level 7. HP: 59/67 MP: 1/12
  4066 | D:4      | Found Goremior's Firing Range.
  4571 | D:4      | Reached XP level 8. HP: 42/76 MP: 13/13
  4755 | D:4      | Found a runed translucent door.
  4756 | D:4      | Noticed superbruh's ghost (amateur DsMo)
  4771 | D:5      | Entered Level 5 of the Dungeon
  5181 | D:5      | Slain by an orc

Illustrated notes

Levels and vault maps discovered:
D:1:      shiori_arrival_oz, layout_loops_ring, serial_shops,
          nicolae_shop_rolled_up, amethyst_killhole, minmay_tetromino_l2
D:2:      layout_basic, serial_shops, nicolae_shop_real_fake_doors, st_stairs_1,
          serial_bayou_lagoon_a
D:3:      layout_basic, nicolae_overflow_crystal_walls, uniq_natasha,
          uniq_sigmund, uniq_grinder
D:4:      minmay_bubble_buster, layout_rooms, ebering_ghost_inner_flame,
          nicolae_shop_firing_range
D:5:      layout_layer_cave, corexii_item_surrounded_by_moat,
          minmay_misc_feat_columns, grunt_ministairs_9, lemuel_flamethrower_2

Skill      XL: |  1  2  3  4  5  6  7  8 |
---------------+-------------------------+-----
Spellcasting   | 2 3 |  3.5
Fighting       | 4 5 6 7 |  7.0
Maces & Flails | 4 5 6 7 |  7.0
Fire Magic     | |  3.0

Action                     |  1- 3 |  4- 6 |  7- 9 || total
---------------------------+-------+-------+-------++-------
  Melee: Mace              |    28 |    25 |    80 ||   133
   Cast: Scorch            |     7 |    36 |    47 ||    90
 Invoke: Fiery Armour      |       |       |     1 ||     1
Ability: Spit Poison       |    27 |    33 |    16 ||    76
 Armour: Robe              |     6 |     9 |    30 ||    45
  Dodge: Dodged            |    18 |    24 |    67 ||   109

Table legend: (Time is in decaauts)
 A = Elapsed time spent in this place.
 B = Non-inter-level travel time spent in this place.
 C = Inter-level travel time spent in this place.
 D = Time resting spent in this place.
 E = Time spent auto-exploring this place.
 F = Levels seen in this place.
 G = Mean time per level.
                   A        B        C        D        E       F      G
               +--------+--------+--------+--------+--------+-----+--------+
         Total |   6404 |   6169 |    235 |    186 |   5177 |   5 | 1280.8 |
       Dungeon |   6404 |   6169 |    235 |    186 |   5177 |   5 | 1280.8 |
               +--------+--------+--------+--------+--------+-----+--------+

Top non-repeatable levels by time:
     D:3: 1825 daAuts
     D:2: 1528 daAuts
     D:4: 1345 daAuts
     D:1: 1209 daAuts
     D:5: 497 daAuts
